 Dungeon Crawl Stone Soup version 0.29.1-1-gd02db6906a (webtiles) character file.

Game seed: 15773139150780200415

1445 Aibolit the Carver (level 9, -16/102 HPs)
             Began as a Human Berserker on Sept 24, 2022.
             Was an Initiate of Zin (penitent).
             Demolished by a polar bear (21 damage)
             ... created by the rage of Trog
             ... on level 6 of the Dungeon.
             The game lasted 00:32:27 (6356 turns).

Aibolit the Carver (Human Berserker)                Turns: 6356, Time: 00:32:27

Health: -16/102    AC: 24    Str: 21      XL:     9   Next: 4%
Magic:  9/9        EV:  2    Int:  6 (7)  God:    Zin [......]
Gold:   280        SH:  0    Dex: 15 (16) Spells: 8/8 levels left

rFire   . . .      SeeInvis .   f - +6 great sword "Trog's Brutal Revenge" {vamp, Fly rElec}
rCold   . . .      Faith    .   (shield currently unavailable)
rNeg    . . .      Spirit   .   (body armour currently unavailable)
rPois   +          Reflect  .   (helmet currently unavailable)
rElec   +          Harm     .   (cloak currently unavailable)
rCorr   +          Rampage  .   (gloves currently unavailable)
Will    .....      NoTele   +   (boots currently unavailable)
Stlth   ++........              e - amulet of regeneration
HPRegen 1.07/turn               l - ring of resist corrosion
MPRegen 0.11/turn               (no ring)

@: mighty, tree-form
A: stationary, stasis, torment immunity, boosted hp, (large bone plates 1),
agile 1, deterioration 1, (fire resistance 1), (teleportitis 1)
a: Renounce Religion, Donate Gold


You were on level 6 of the Dungeon.
You worshipped Zin.
Zin was demanding penance.
You were a tree.
You visited 2 branches of the dungeon, and saw 7 of its levels.

You collected 311 gold pieces.
You donated 31 gold pieces to Zin.

Inventory:

Hand Weapons
 f - the +6 great sword "Trog's Brutal Revenge" (weapon) {vamp, Fly rElec}
   (You acquired it on level 2 of the Dungeon)

   It occasionally heals its wielder for a portion of the damage dealt when it
   wounds a living foe.
   rElec:     It insulates you from electricity.
   Fly:       It grants you flight.
   Zin disapproves of the use of such an item.
 h - a +5 scimitar
Missiles
 c - 51 stones
 j - 3 silver javelins
 p - 4 poisoned darts
Armour
 s - a +0 plate armour (melded)
Jewellery
 e - an amulet of regeneration (around neck)
 l - a ring of resist corrosion (left branch)
 q - an amulet of guardian spirit
Wands
 o - a wand of paralysis (13)
 r - a wand of digging (6)
 t - a wand of quicksilver (9)
 v - a wand of flame (14)
Scrolls
 b - 2 scrolls of amnesia
 d - 4 scrolls of identify
 i - a scroll of teleportation
 k - a scroll of immolation
 w - a scroll of magic mapping {unknown}
Potions
 n - a potion of flight {unknown}
 u - a potion of cancellation


   Skills:
 + Level 5.0 Fighting
 + Level 8.6 Long Blades
 + Level 4.0 Armour
 + Level 3.2 Dodging
 + Level 2.6 Stealth
 + Level 0.6 Shields


You had 8 spell levels left.
You didn't know any spells.
Your spell library contained the following spells:

 Spells                   Type           Power      Damage    Failure   Level
 Magic Dart               Conj           0%         1d3       45%         1
 Sandblast                Erth           0%         2d4       45%         1
 Call Imp                 Summ           0%         N/A       58%         2
 Passwall                 Tmut/Erth      0%         N/A       58%         2
 Call Canine Familiar     Summ           0%         N/A       83%         3
 Mephitic Cloud           Conj/Pois/Air  0%         N/A       83%         3
 Portal Projectile        Hex/Tloc       0%         N/A       83%         3
 Stone Arrow              Conj/Erth      0%         3d7       83%         3
 Tukima's Dance           Hex            0%         N/A       83%         3
 Leda's Liquefaction      Hex/Erth       0%         N/A       99%         4
 Blade Hands              Tmut           0%         N/A       100%        5


Dungeon Overview and Level Annotations

Branches:
Dungeon (6/15)             Temple (1/1) D:6

Altars:
Ashenzari
Cheibriados
Dithmenos
Elyvilon
Fedhas
Gozag
Hepliaklqana
Kikubaaqudgha
Makhleb
Nemelex Xobeh
Okawaru
Qazlal
Sif Muna
Trog
Uskayaw
Vehumet
Wu Jian
Xom
Yredelemnul
Zin
The Shining One


Innate Abilities, Weirdness & Mutations

You are a tree.
Your roots penetrate the ground, keeping you stationary.
You cannot be teleported.
You are immune to unholy pain and torment.
Your maximum health is greatly increased.
Your equipment is partially melded.
((You are partially covered in large bone plates. (SH +4)))
You are agile. (Dex +4, Str/Int -1)
Your body sometimes deteriorates upon taking damage.
((Your flesh is heat resistant. (rF+)))
((You are occasionally teleported next to monsters.))


Message History

The black bear bites you but does no damage.
The black bear claws you but does no damage.
The black bear claws you.
* * * LOW HITPOINT WARNING * * *
The polar bear closely misses you.
The polar bear claws you but does no damage.
The polar bear claws you.
* * * LOW HITPOINT WARNING * * *
You feel guilty. "You will pay for your transgression, mortal!"
You slash the black bear!
You feel better.
You kill the black bear!
That felt strangely unrewarding.
You hear two shouts!
The polar bear closely misses you.
The polar bear claws you but does no damage. x2
You block the black bear's attack. The black bear barely misses you.
The black bear claws you.
* * * LOW HITPOINT WARNING * * *
The polar bear barely misses you. The polar bear claws you.
* * * LOW HITPOINT WARNING * * *
You block the polar bear's attack.
Really quaff the potion of lignification?
This action would place you under penance! [Y]es or [N]o only, please.
Really quaff the potion of lignification?
This action would place you under penance! [Y]es or [N]o only, please.
Really quaff the potion of lignification?
This action would place you under penance! [Y]es or [N]o only, please.
Really quaff the potion of lignification?
This action would place you under penance!
Okay, then.
Unknown command.
You turn into a tree.
Your +0 plate armour melds into your body.
Your roots penetrate the ground.
You feel strangely stable.
You feel extremely guilty. "You will pay for your transgression, mortal!"
The black bear bites you but does no damage.
The black bear claws you but does no damage. x2
The polar bear bites you!!
You die...

#.## ..#.###.....
#...# #.# ...#
.##..... #..##
#..####.. ........#
..... #..####........
...####. .##.
#...#......... #..#
## ..
###.####.....#.####..
#.#
....##.....##..###.#
#.. ># #...O.####.##
#..... . #..#h## #.#
..... .. ## #♣# .##
#....#. #h# .#
#....## .h. .# .#..##
...#.# #####.# #


You could see a two-headed ogre (berserk), 2 polar bears and a black bear
(berserk).

Vanquished Creatures
  Grinder (D:3)
  An ice beast (D:5)
  A sky beast (D:6)
  3 black bears
  An ogre (D:4)
  A scorpion (D:5)
  4 wights (D:6)
  A howler monkey (D:5)
  2 hounds
  A jelly (D:5)
  An orc priest (D:6)
  Natasha (D:2)
  4 iguanas
  4 gnolls (D:6)
  9 adders
  A shadow imp (D:5)
  A white imp (D:6)
  An ufetubus (D:6)
  3 dart slugs
  7 orcs
  3 bats
  6 endoplasms
  3 giant cockroaches
  10 goblins
  9 hobgoblins
  4 jackals (D:5)
  4 quokkas (D:1)
  11 ball pythons
  A frilled lizard (D:2)
  9 kobolds
  8 rats
116 creatures vanquished.

Notes
Turn   | Place    | Note
-------+----------+-------------------------------------------
     0 | D:1      | Aibolit the Human Berserker began the quest for the Orb.
     0 | D:1      | Reached XP level 1. HP: 18/18 MP: 1/1
   329 | D:1      | Reached XP level 2. HP: 23/24 MP: 2/2
  1352 | D:1      | Reached XP level 3. HP: 26/29 MP: 3/3
  1660 | D:1      | Reached ** piety under Trog
  2133 | D:2      | Reached XP level 4. HP: 26/35 MP: 4/4
  2238 | D:2      | Identified a scroll of acquirement
  2238 | D:2      | Acquired the +6 great sword "Trog's Brutal Revenge" {vamp,
                  | Fly rElec}
  2462 | D:2      | Reached skill level 4 in Long Blades
  2489 | D:2      | Identified the +0 robe "Fenacs" {Str+3}
  2746 | D:2      | Noticed Natasha
  2752 | D:2      | Killed Natasha
  2753 | D:2      | Reached XP level 5. HP: 35/41 MP: 5/5
  3112 | D:3      | Found a broken altar of Ashenzari.
  3193 | D:3      | Noticed Grinder
  3197 | D:3      | Paralysed by Grinder for 5 turns
  3207 | D:3      | Killed Grinder
  3208 | D:3      | Reached skill level 5 in Long Blades
  3208 | D:3      | Reached skill level 1 in Stealth
  3208 | D:3      | Reached XP level 6. HP: 43/48 MP: 6/6
  3737 | D:4      | Reached XP level 7. HP: 54/54 MP: 7/7
  3790 | D:4      | Reached *** piety under Trog
  4088 | D:4      | Reached skill level 6 in Long Blades
  4346 | D:5      | Entered Level 5 of the Dungeon
  4541 | D:5      | Reached XP level 8. HP: 57/61 MP: 8/8
  4611 | D:5      | Reached skill level 7 in Long Blades
  4717 | D:5      | Gained mutation: You have hidden genetic defects. [potion
                  | of mutation]
  4717 | D:5      | Gained mutation: You are agile. (Dex +4, Str/Int -1)
                  | [potion of mutation]
  4717 | D:5      | Gained mutation: Your flesh is heat resistant. (rF+)
                  | [potion of mutation]
  4717 | D:5      | Gained mutation: You are partially covered in large bone
                  | plates. (SH +4) [potion of mutation]
  5070 | D:5      | Found a shadowy altar of Dithmenos.
  5439 | D:6      | Gained mutation: You are occasionally teleported next to
                  | monsters. [hidden defects]
  5474 | D:6      | Reached skill level 8 in Long Blades
  5477 | D:6      | Gained mutation: Your body sometimes deteriorates upon
                  | taking damage. [hidden defects]
  5477 | D:6      | Lost mutation: You have hidden genetic defects. [hidden
                  | defects expressed]
  5741 | D:6      | Found a sparkling altar of Nemelex Xobeh.
  5957 | D:6      | Found a staircase to the Ecumenical Temple.
  5966 | Temple   | Entered the Ecumenical Temple
  6080 | Temple   | Fell from the grace of Trog
  6080 | Temple   | Became a worshipper of Zin the Law-Giver
  6080 | Temple   | Reached * piety under Zin
  6168 | D:6      | Was placed under penance by Zin
  6304 | D:6      | Reached skill level 5 in Fighting
  6304 | D:6      | Reached XP level 9. HP: 68/68 MP: 9/9
  6347 | D:6      | Noticed a two-headed ogre
  6347 | D:6      | Noticed a polar bear
  6347 | D:6      | Noticed a polar bear
  6354 | D:6      | HP: 2/68 [polar bear[the rage of Trog] (2)]
  6356 | D:6      | Demolished by a polar bear

Illustrated notes

Levels and vault maps discovered:
D:1:      minmay_arrival_stair_chambers, layout_basic, st_stairs_9
D:2:      layout_basic, serial_rivers, chequers_serial_rivers_micro_e,
          chequers_serial_rivers_room_b, chequers_serial_rivers_room_a,
          chequers_serial_rivers_large_b, chequers_serial_rivers_marsh,
          chequers_serial_rivers_small_3, minmay_misc_feat_chi, minivault_24,
          serial_park_tiny_pond, uniq_natasha
D:3:      layout_basic, general_overflow_altar, uniq_grinder
D:4:      layout_basic
D:5:      layout_basic, mainiacjoe_overflow_cross_hatched, serial_corexii_hall,
          corexii_hall_statues_i, corexii_hall_statues_s
D:6:      layout_layer_cave, mainiacjoe_overflow_paths,
          minmay_temple_entry_statues_fountains
Temple:   mainiacjoe_temple_coin_purse

Skill      XL: |  1  2  3  4  5  6  7  8 |
---------------+-------------------------+-----
Long Blades    | 4 5 6 8 |  8.6
Armour         | 3 4 |  4.0
Stealth        | 1 2 |  2.6
Fighting       | 4 5 |  5.0
Dodging        | 3 |  3.2
Shields        | |  0.6

Action                   |  1- 3 |  4- 6 |  7- 9 || total
-------------------------+-------+-------+-------++-------
Melee: Falchion          |   131 |     6 |       ||   137
       Great sword       |       |    57 |    98 ||   155
Invok: Berserk           |     3 |     2 |     4 ||     9
Evoke: Wand              |       |       |     3 ||     3
  Use: Scroll            |     3 |     5 |     4 ||    12
       Potion            |     1 |     1 |     7 ||     9
 Stab: Sleeping          |       |     1 |       ||     1
       Paralysed         |       |       |     1 ||     1
Armor: Animal skin       |     6 |       |       ||     6
       Ring mail         |    31 |     5 |       ||    36
       Chain mail        |       |    10 |       ||    10
       Robe              |       |     9 |     5 ||    14
       Plate armour      |       |       |    68 ||    68
       Skin              |       |       |     3 ||     3
Dodge: Dodged            |   103 |    37 |    56 ||   196
Block: Other             |       |       |    18 ||    18
